 Dungeon Crawl Stone Soup version 0.27-a0-1084-g78b3836a5f (webtiles) character file.

Game seed: 13897300792946016462

833 tardwrangler69 the Spear-Bearer (level 7, 0/55 HPs)
             Began as a Merfolk Gladiator on Apr 26, 2021.
             Was an Initiate of Okawaru.
             Slain by a shadow (7 damage)
             ... on level 5 of the Dungeon.
             The game lasted 00:04:47 (5973 turns).

tardwrangler69 the Spear-Bearer (Merfolk Gladiator) Turns: 5973, Time: 00:04:48

Health: 0/55       AC:  5    Str: 17    XL:     7   Next: 98%
Magic:  7/7        EV: 12    Int:  7    God:    Okawaru [......]
Gold:   228        SH: 14    Dex: 15    Spells: 6/6 levels left

rFire    . . .     SeeInvis .   a - +0 trident
rCold    . . .     Faith    .   p - +0 kite shield
rNeg     . . .     Spirit   .   b - +0 leather armour
rPois    .         Reflect  +   c - +0 helmet
rElec    +         Harm     .   (no cloak)
rCorr    .         Rampage  .   (no gloves)
Will     .....     Rnd*Rage +   m - +0 pair of boots
Stlth    +.........             h - amulet of reflection
HPRegen  0.18/turn              (no ring)
MPRegen  0.10/turn              (no ring)

@: on berserk cooldown, slowed, very slow
A: (nimble swimmer 2), mertail, berserk 1, electricity resistance
a: Renounce Religion


You were on level 5 of the Dungeon.
You worshipped Okawaru.
Okawaru was noncommittal.
You visited 2 branches of the dungeon, and saw 6 of its levels.

You collected 228 gold pieces.

Inventory:

Hand Weapons
 a - a +0 trident (weapon)
 i - a +1 vampiric spear
Missiles
 d - 3 throwing nets (quivered)
 e - 6 atropa-tipped darts
Armour
 b - a +0 leather armour (worn)
 c - a +0 helmet (worn)
 m - a +0 pair of boots (worn)
 p - a +0 kite shield (worn)
Jewellery
 h - an amulet of reflection (around neck)
Wands
 v - a wand of flame (20)
Scrolls
 f - a scroll of torment {unknown}
 g - 2 scrolls of teleportation {unknown}
 j - a scroll of vulnerability {unknown}
 k - a scroll of fear {unknown}
 l - a scroll of immolation {unknown}
 n - a scroll of enchant weapon {unknown}
 o - 2 scrolls of identify {unknown}
 q - 2 scrolls of amnesia {unknown}
 s - a scroll of silence {unknown}
Potions
 u - a potion of berserk rage


   Skills:
 + Level 4.5 Fighting
 * Level 8.8 Polearms
 - Level 2.0 Throwing
 + Level 6.2 Dodging
 * Level 4.1 Shields


You had 6 spell levels left.
You didn't know any spells.
Your spell library contained the following spells:

 Spells                   Type           Power      Damage    Failure   Level
 Magic Dart               Conj           0%         1d3       93%         1
 Searing Ray              Conj           0%         3d3       98%         2
 Confusing Touch          Hex            0%         N/A       100%        3
 Dazzling Flash           Conj/Hex       0%         N/A       100%        3
 Gell's Gravitas          Tloc           0%         N/A       100%        3
 Fulminant Prism          Conj/Hex       0%         3d6       100%        4
 Iskenderun's Mystic Bla  Conj/Tloc      0%         2d3       100%        4
 Petrify                  Tmut/Erth      0%         N/A       100%        4
 Metabolic Englaciation   Hex/Ice        0%         N/A       100%        5
 Yara's Violent Unravell  Hex/Tmut       0%         3d3       100%        5


Dungeon Overview and Level Annotations

Branches:
Dungeon (5/15)             Temple (1/1) D:5

Altars:
Ashenzari
Cheibriados
Dithmenos
Fedhas
Gozag
Hepliaklqana
Kikubaaqudgha
Makhleb
Nemelex Xobeh
Okawaru
Ru
Sif Muna
Trog
Uskayaw
Vehumet
Wu Jian
Yredelemnul
The Shining One

Annotations:
D:3 1 runed translucent door, Zeld's ghost, weakling OpCj


Innate Abilities, Weirdness & Mutations

((You are quick and stealthy near water. (Stealth+, EV+, Speed+++)))
Your lower body shifts to a powerful aquatic tail in water.
You tend to lose your temper in combat.
You are resistant to electric shocks. (rElec)


Message History

You kill the steam dragon!
Okawaru accepts your kill.
You block the water moccasin zombie's attack.
You puncture the water moccasin zombie!
You destroy the water moccasin zombie!
Okawaru accepts your kill.
Your Shields skill increases to level 4!
A shadow comes into view.
You feel a strong urge to attack something.
You feel your anger nearly subside.
You are no longer berserk.
You are exhausted.
You feel yourself slow down.
The shadow slips into darkness.
The shadow flickers and vanishes!
Deactivating autopickup; reactivate with Ctrl-A.
The shadow strikes at you from the darkness!
Reactivating autopickup.
You barely miss the shadow.
The shadow slips into darkness.
The shadow flickers and vanishes!
Deactivating autopickup; reactivate with Ctrl-A.
You miss something.
The shadow strikes at you from the darkness!
Reactivating autopickup.
The shadow hits you.
You hit the shadow.
The shadow is lightly damaged.
The shadow slips into darkness.
The shadow flickers and vanishes!
Deactivating autopickup; reactivate with Ctrl-A.
The shadow strikes at you from the darkness!
Reactivating autopickup.
You closely miss the shadow.
The shadow is lightly damaged.
The shadow hits you!
* * * LOW HITPOINT WARNING * * *
Okay, then.
Unknown command.
The shadow hits you!
You die...

..≈≈≈≈≈.. ##..........
...≈≈≈...###...........
...... #.#.....######.
...... #.....#.# #.
#...###.....#.# #.
#....##....##.# #.
#..........# #.
#W#.#...<..######.
#@#.....#.........
#.#######.####..## #.#
#...####..#. +.#
#.....#..... #.#
#...#.#..... #.#
##.......... #.#
#.##......# #..
##(#####.#.. #..
#........##.


You could see a shadow.

Vanquished Creatures
  A steam dragon (D:5)
  An ice beast (D:5)
  A necrophage (D:4)
  An ogre (D:5)
  A phantom (D:5)
  A scorpion (D:5)
  A water moccasin zombie (D:5)
  A hound (D:4)
  An iguana (D:5)
  10 adders
  2 white imps
  4 worms
  4 orcs (D:2)
  2 bats
  7 endoplasms
  A giant cockroach (D:2)
  11 goblins
  11 hobgoblins
  8 jackals
  5 quokkas
  3 ball pythons
  3 frilled lizards
  4 kobolds
  6 rats
90 creatures vanquished.

Notes
Turn   | Place    | Note
-------+----------+-------------------------------------------
     0 | D:1      | tardwrangler69 the Merfolk Gladiator began the quest for
                  | the Orb.
     0 | D:1      | Reached XP level 1. HP: 16/16 MP: 1/1
   151 | D:1      | Reached XP level 2. HP: 17/23 MP: 2/2
   440 | D:1      | Reached skill level 5 in Polearms
   905 | D:2      | Reached XP level 3. HP: 28/28 MP: 3/3
  1472 | D:2      | Found a faded altar of an unknown god.
  1691 | D:2      | Reached XP level 4. HP: 34/34 MP: 4/4
  1802 | D:2      | Reached skill level 6 in Polearms
  2461 | D:3      | Found a runed translucent door.
  2463 | D:3      | Noticed Zeld's ghost (weakling OpCj)
  3093 | D:3      | Reached XP level 5. HP: 41/41 MP: 5/5
  3384 | D:4      | Reached skill level 5 in Dodging
  3384 | D:4      | Reached skill level 1 in Shields
  3536 | D:4      | Noticed an ogre
  3823 | D:4      | Found a shimmering blue altar of Sif Muna.
  3840 | D:4      | Noticed a necrophage
  3862 | D:4      | Killed a necrophage
  3863 | D:4      | Reached XP level 6. HP: 23/47 MP: 6/6
  4056 | D:4      | Reached skill level 7 in Polearms
  4311 | D:4      | Found a sacrificial altar of Ru.
  4435 | D:4      | Found an opulent altar of Gozag.
  4803 | D:5      | Entered Level 5 of the Dungeon
  4808 | D:5      | Gained mutation: You tend to lose your temper in combat.
                  | [potion of mutation]
  4808 | D:5      | Gained mutation: You are resistant to electric shocks.
                  | (rElec) [potion of mutation]
  4999 | D:5      | Found a burning altar of Makhleb.
  5001 | D:5      | Found a blossoming altar of Fedhas.
  5021 | D:5      | Reached XP level 7. HP: 54/54 MP: 7/7
  5162 | D:5      | Reached skill level 8 in Polearms
  5665 | D:5      | Found a staircase to the Ecumenical Temple.
  5689 | Temple   | Entered the Ecumenical Temple
  5880 | Temple   | Became a worshipper of Warmaster Okawaru
  5944 | D:5      | Noticed a steam dragon
  5962 | D:5      | Killed a steam dragon
  5964 | D:5      | Noticed a shadow
  5973 | D:5      | Slain by a shadow

Illustrated notes

Levels and vault maps discovered:
D:1:      ebering_trefoil_3fold, layout_rooms, minmay_tripent
D:2:      layout_loops_corners, shapermc_ecumenical_altar_notcrosses,
          wad_orctagon
D:3:      layout_basic, ebering_ghost_reflecting_pool, corexii_leaking_fountain,
          minmay_unequal
D:4:      layout_cave_pods, led_sif_pool, lemuel_round_altar, lemuel_tele_altar
D:5:      layout_loops_cross, elyvilon_altar_3, overflow_temple_1_default,
          nicolae_overflow_hidden_temple, minmay_temple_entry_tees,
          gup_ossuary_entry_pyramid
Temple:   nicolae_temple_figure_eight

Skill      XL: |  1  2  3  4  5  6  7 |
---------------+----------------------+-----
Polearms       | 5 6 7 8 |  8.8
Fighting       | 3 4 |  4.5
Dodging        | 5 6 |  6.2
Shields        | 2 3 4 |  4.1
Throwing       | |  2.0

Action                   |  1- 3 |  4- 6 |  7- 9 || total
-------------------------+-------+-------+-------++-------
Melee: Trident           |    57 |       |    43 ||   100
       Spear             |    67 |   279 |    18 ||   364
  Use: Potion            |       |     5 |       ||     5
 Stab: Sleeping          |     4 |     1 |     1 ||     6
       Distracted        |     1 |       |       ||     1
Armor: Leather armour    |    21 |    24 |     7 ||    52
       Skin              |       |     2 |       ||     2
Dodge: Dodged            |    54 |    86 |    12 ||   152
Block: Other             |     8 |    10 |       ||    18
       Kite shield       |       |   117 |    28 ||   145
       Reflection        |       |       |     1 ||     1

Table legend: (Time is in decaauts)
 A = Elapsed time spent in this place.
 B = Non-inter-level travel time spent in this place.
 C = Inter-level travel time spent in this place.
 D = Time resting spent in this place.
 E = Time spent auto-exploring this place.
 F = Levels seen in this place.
 G = Mean time per level.
                   A        B        C        D        E       F      G
               +--------+--------+--------+--------+--------+-----+--------+
         Total |   5963 |   5704 |    259 |      0 |   4904 |   6 |  993.8 |
       Dungeon |   5752 |   5512 |    240 |      0 |   4715 |   5 | 1150.4 |
        Temple |    210 |    191 |     19 |      0 |    189 |   1 |  210.0 |
               +--------+--------+--------+--------+--------+-----+--------+

Top non-repeatable levels by time:
     D:2: 1470 daAuts
     D:4: 1405 daAuts
     D:3: 1028 daAuts
     D:5: 963 daAuts
     D:1: 885 daAuts
  Temple: 210 daAuts
